 Dungeon Crawl Stone Soup version 0.26-a0-1205-g4083c211ab (webtiles) character file.

Game seed: 6331747536039923713

81 CurlyBrace the Sneak (level 4, 9/19 (21) HPs)
             Began as a Felid Delver on Dec 29, 2020.
             Quit the game on level 5 of the Dungeon.
             The game lasted 00:00:37 (17 turns).

CurlyBrace the Sneak (Felid Delver)                   Turns: 17, Time: 00:00:37

HP:   9/19 (21)     AC:  1    Str:  8    XL:     4   Next: 19%
MP:   5/5           EV: 19    Int: 12    God:
Gold: 0             SH:  0    Dex: 17    Spells: 3/3 levels left
                                        Lives: 1   Deaths: 0

rFire    . . .     SeeInvis +     - Unarmed
rCold    . . .     Faith    .   (shield unavailable)
rNeg     . . .     Spirit   .   (armour unavailable)
rPois    .         Reflect  .   (helmet unavailable)
rElec    .         Harm     .   (cloak unavailable)
rCorr    .         Rampage  .   (gloves unavailable)
Will     .....                  (boots unavailable)
Stlth    ++++......             (no amulet)
HPRegen  0.06/turn              (no ring)
MPRegen  0.09/turn              (no ring)

@: drained, quick
A: very small, no armour, no weapons or thrown items, stealth, claws 1, fangs 3,
see invisible, speed 1, shaggy fur 1, sharp paws
a: no special abilities


You were on level 5 of the Dungeon.
You visited 1 branch of the dungeon, and saw 2 of its levels.

Inventory:

Wands
 v - a wand of digging (3)
Scrolls
 a - a scroll of fog
 c - a scroll of fear
Potions
 h - a potion of haste


   Skills:
 * Level 3.4 Fighting
 + Level 3.4 Dodging
 - Level 7.0 Stealth
 * Level 3.4 Unarmed Combat


You had 3 spell levels left.
You didn't know any spells.
Your spell library was empty.

Dungeon Overview and Level Annotations

Branches:
Dungeon (6/15)
 Temple: D:4-7

Altars:


Innate Abilities, Weirdness & Mutations

You cannot wear armour.
You are incapable of wielding weapons or throwing items.
Your paws allow you to move quietly. (Stealth)
You have sharp claws.
You have razor-sharp teeth.
You have supernaturally acute eyesight. (SInv)
You cover ground quickly.
You are covered in fur. (AC +1)
Your sharp claws are effective at attacking unaware monsters.


Message History

You need to enable at least one skill for training.
You have reached level 2!
You have reached level 3!
Your experience leads to an increase in your attributes!
Increase (S)trength, (I)ntelligence, or (D)exterity?
You feel clever.
The helpless wight fails to defend itself.
You mangle the wight!!
You destroy the wight!
You have reached level 4!
Extra life!
The wight barely misses you. The wight closely misses you.
The wight hits you with a +0 hand axe!
You feel drained.
There is a stone staircase leading up here.
You climb upwards.
There is a stone staircase leading down here.
As you read the scroll of magic mapping, it crumbles to dust.
You feel aware of your surroundings.
You sensed 2 altars.
Are you sure you want to abandon this character and quit the game? (Confirm with "yes".)

,*,,,,,,,,,,,,,,,*,*
,*****,,,,,,..##.#,*******
,* *,,,,,,,..#.#,,,,,,,*
,*****,,,,,,,#.#.#******,*
,,,,,,,,,,,,,*)...,,,,,*,*
,,,,,,,,,,,,,*#..##***,*,*
,,,,,,,,,,,,,*#...,,,,,*,*
,,,,,,,,,,,,,*#..#######,*
******,,,,,,,*#.@.......,*
*,,,,,,,*#.########**
*,,,,,,,*#.* ***,,,,,,#.*
*,****,#.* *,*,<*,#.*
*,*,**,#.* *,*,,,,#.*
*,******,*


There were no monsters in sight!

Vanquished Creatures
  2 wights (D:6)
2 creatures vanquished.

Notes
Turn   | Place    | Note
-------+----------+-------------------------------------------
     0 | D:5      | CurlyBrace the Felid Delver began the quest for the Orb.
     0 | D:5      | Reached XP level 1. HP: 10/10 MP: 2/2
     1 | D:6      | Noticed a wight
     1 | D:6      | Noticed a wight
     1 | D:6      | Noticed a wight
     1 | D:6      | Noticed a wight
     4 | D:6      | Killed a wight
     5 | D:6      | Reached skill level 7 in Stealth
     5 | D:6      | Reached XP level 2. HP: 14/14 MP: 3/3
     5 | D:6      | Reached XP level 3. HP: 17/17 MP: 4/4
     6 | D:6      | Reached XP level 4. HP: 21/21 MP: 5/5
    17 | D:5      | Quit the game

Illustrated notes

Levels and vault maps discovered:
D:5:      layout_basic, led_xom_imps, basic_altar
D:6:      layout_loops_corners, general_overflow_altar, grunt_ministairs_6,
          uniq_eustachio

Skill      XL: |  1 |
---------------+----+-----
Dodging        | 3 |  3.4
Stealth        | 7 |  7.0
Unarmed Combat | 3 |  3.4
Fighting       | |  3.4

Action                   |  1- 3 |  4- 6 || total
-------------------------+-------+-------++-------
Melee: Unarmed           |     2 |       ||     2
  Use: Scroll            |       |     1 ||     1
 Stab: Sleeping          |     2 |       ||     2
Dodge: Dodged            |       |     2 ||     2

Table legend: (Time is in decaauts)
 A = Elapsed time spent in this place.
 B = Non-inter-level travel time spent in this place.
 C = Inter-level travel time spent in this place.
 D = Time resting spent in this place.
 E = Time spent auto-exploring this place.
 F = Levels seen in this place.
 G = Mean time per level.
                   A        B        C        D        E       F      G
               +--------+--------+--------+--------+--------+-----+--------+
         Total |     15 |     15 |      0 |      0 |      0 |   2 |    7.5 |
       Dungeon |     15 |     15 |      0 |      0 |      0 |   2 |    7.5 |
               +--------+--------+--------+--------+--------+-----+--------+

Top non-repeatable levels by time:
     D:6: 11 daAuts
     D:5: 3 daAuts
